Map: Thunderbird LE

Players

Cobra

  • Race: Terran Terran
  • League: Master
  • Spawn Location: 11:00

BlackHound - Winner!

  • Race: Zerg Zerg
  • League: Diamond
  • Spawn Location: 5:00

VOD

Have the link to the VOD?

Description

Time

  • Played on: May 31, 2019, 12:26 p.m.
  • Length: 25:12
Show
View Real Time Build Order
Export as new Build Order

Cobra Terran 

Build Orders: Mech 

Get SALT Encoding   

  12  0:01  SCV  
  13  0:13  SCV  
  14  0:18  Supply Depot  
  14  0:25  SCV  
  15  0:39  SCV  
  15  0:41  Barracks  
  16  0:45  Refinery  
  16  0:51  SCV  
  17  1:03  SCV  
  18  1:15  SCV  
  19  1:30  Orbital Command  
  19  1:35  Barracks Reactor  
  19  1:41  Command Center  
  19  1:48  Supply Depot  
  19  1:56  SCV  
  20  2:08  SCV  
  20  2:11  Marine  
  20  2:12  Marine  
  23  2:25  Factory  
  23  2:29  Marine  
  24  2:30  Marine  
  25  2:40  Bunker  
  25  2:47  Marine x2  
  27  2:52  Command Center  
  27  2:56  Orbital Command  
  27  3:00  SCV  
  27  3:05  Marine  
  29  3:12  Factory Tech Lab  
  29  3:14  SCV  
  29  3:19  Refinery  
  30  3:22  SCV  
  30  3:24  Marine x2  
  30  3:26  SCV  
  34  3:31  Siege Tank  
  37  3:34  SCV  
  37  3:39  SCV  
  39  3:42  Marine x2  
  39  3:44  Supply Depot  
  39  3:46  SCV  
  42  3:51  SCV, Supply Depot  
  43  3:58  SCV  
  43  4:00  Marine x2  
  46  4:03  Siege Tank  
  46  4:04  SCV  
  46  4:07  SCV  
  51  4:10  SCV  
  51  4:16  SCV  
  53  4:17  Marine  
  53  4:18  Marine  
  53  4:20  Supply Depot  
  55  4:25  Orbital Command  
  55  4:35  Marine, Siege Tank  
  55  4:37  SCV x2  
  55  4:42  Marine  
  56  4:49  SCV x2  
  58  4:53  Marine  
  58  4:54  SCV  
  58  4:58  Supply Depot  
  58  4:59  Barracks  
  60  5:01  SCV  
  60  5:02  Barracks  
  60  5:06  Starport  
  61  5:11  Refinery  
  61  5:13  Marine x2, Refinery  
  63  5:19  SCV  
  64  5:22  Supply Depot  
  64  5:26  Orbital Command  
  64  5:27  Armory  
  64  5:30  Factory  
  64  5:31  Marine x2  
  64  5:34  Factory  
  66  5:35  SCV  
  66  5:36  SCV  
  68  5:44  Starport Reactor  
  68  5:48  SCV x2, Barracks Reactor  
  68  5:49  Barracks Tech Lab  
  68  5:58  Marine  
  68  6:00  SCV x2  
  68  6:02  SCV  
  53  6:05  Siege Tank  
  56  6:12  SCV x2  
  56  6:14  Marine x2, SCV, Stimpack  
  56  6:15  Factory Tech Lab  
  56  6:18  Factory Reactor  
  61  6:21  Refinery  
  61  6:24  SCV x2, Refinery  
  63  6:26  SCV  
  64  6:33  Siege Tank  
  64  6:36  SCV x2  
  64  6:39  Siege Tank, SCV  
  73  6:47  Marine  
  73  6:48  Marine, Supply Depot x2, SCV x2  
  73  6:50  Supply Depot  
  73  6:51  SCV  
  78  6:57  Hellion  
  78  6:59  Factory  
  78  7:00  SCV x2  
  82  7:01  Terran Vehicle Weapons Level 1  
  82  7:03  Factory  
  82  7:04  SCV  
  83  7:10  Engineering Bay  
  83  7:12  SCV x2  
  83  7:15  Hellion  
  87  7:16  SCV  
  87  7:19  Hellion  
  96  7:24  SCV x2  
  96  7:28  SCV  
  96  7:29  Thor  
  102  7:30  Thor  
  102  7:36  SCV, Missile Turret, Hellion  
  102  7:37  SCV, Missile Turret  
  109  7:39  Missile Turret  
  109  7:40  Marine x3, SCV  
  109  7:41  Marine  
  114  7:47  Supply Depot  
  114  7:48  SCV  
  114  7:49  Supply Depot, SCV  
  116  7:52  Supply Depot, Factory Reactor, SCV  
  116  7:54  Factory Reactor  
  116  7:56  Factory Tech Lab  
  116  7:58  Supply Depot  
  117  7:59  Supply Depot  
  117  8:07  Supply Depot  
  117  8:09  Hellion x2  
  117  8:12  Thor  
  127  8:16  Thor  
  133  8:23  Thor  
  139  8:27  SCV  
  139  8:31  Terran Infantry Weapons Level 1, Hellion x2  
  139  8:32  Supply Depot  
  144  8:39  Hellion x2  
  148  8:43  Supply Depot  
  148  8:46  Missile Turret  
  148  8:48  Missile Turret  
  148  8:52  Hellion x2  
  148  8:55  Hellion  
  154  8:59  Hellion  
  154  9:00  Hellion x2  
  160  9:06  Hellion  
  162  9:13  Hellion x2  
  162  9:16  Hellion  
  168  9:20  Supply Depot, Hellion  
  168  9:22  Hellion x2  
  168  9:23  Supply Depot  
  174  9:27  Hellion  
  176  9:34  Supply Depot  
  176  9:35  Hellion x2  
  180  9:39  Supply Depot  
  180  9:42  Hellion x2  
  180  9:43  Hellion x2  
  160  9:49  Hellion  
  148  9:54  Hellion x11  
  148  9:56  Hellion x2  
  132  10:03  Hellion x2  
  132  10:04  Hellion  
  132  10:05  Hellion  
  130  10:10  Hellion  
  125  10:17  Hellion x2  
  125  10:21  SCV x2  
  131  10:25  Hellion x2  
  131  10:26  Hellion x2  
  139  10:32  Hellion  
  133  10:39  Hellion x2  
  137  10:46  Hellion x2  
  137  10:47  Hellion x2  
  141  10:55  SCV  
  141  10:56  Hellion  
  142  11:00  Hellion x2  
  142  11:07  Hellion  
  142  11:24  Hellion x3, Armory  
  148  11:36  Hellion x4  
  150  11:45  Hellion x2  
  150  11:46  Hellion  
  116  11:57  Hellion  
  116  11:58  Hellion  
  116  11:59  Hellion x2  
  99  12:07  Hellion x3  
  85  12:13  SCV x2  
  85  12:14  SCV  
  88  12:18  Hellion  
  88  12:20  Hellion x2  
  88  12:21  Hellion  
  96  12:28  Hellion x2  
  100  12:30  Hellion  
  88  12:41  Thor  
  88  12:42  Hellion x3  
  94  12:49  Hellion  
  94  12:50  Hellion  
  98  12:51  Hellion  
  100  13:03  Hellion x3  
  90  13:23  Thor  
  90  13:24  Thor x2  
  104  13:43  Hellion x3  
  84  13:55  Orbital Command  
  84  13:56  Hellion  
  84  14:01  SCV  
  87  14:04  Orbital Command, Hellion x2  
  87  14:08  Hellion  
  92  14:21  Hellbat  
  92  14:23  Hellion  
  84  14:34  Hellion x2  
  88  14:43  SCV x2  
  88  14:45  Hellion  
  92  14:48  Hellion  
  92  14:51  SCV  
  95  14:55  SCV x2  
  95  14:58  Hellion  
  99  15:03  SCV  
  99  15:06  Hellion x2  
  104  15:07  SCV  
  104  15:08  SCV, Hellion  
  104  15:11  Hellion  
  104  15:12  Hellion  
  112  15:15  SCV  
  112  15:17  Thor  
  112  15:19  Hellion  
  121  15:26  Medivac  
  121  15:27  Hellion x2  
  121  15:28  Medivac  
  129  15:30  Hellion  
  129  15:32  Hellion  
  122  15:41  Hellion x2  
  125  15:48  Hellion  
  125  15:49  Hellion  
  124  15:50  Orbital Command  
  124  15:51  Hellion  
  124  15:53  Hellion  
  128  16:00  Hellion  
  128  16:02  Hellion  
  125  16:26  Hellion x3  
  109  16:38  Hellion  
  69  16:52  Hellion  
  69  16:53  Hellion  
  63  17:01  Hellion  
  65  17:02  Orbital Command  
  65  17:07  SCV  
  66  17:12  Hellion  
  67  17:17  Hellion  
  67  17:22  Hellion  
  63  17:31  Hellion x2  
  63  17:32  Hellion  
  63  17:34  Hellion  
  71  17:44  SCV x3  
  71  17:46  Hellion  
  76  17:56  SCV x2  
  76  17:57  SCV  
  79  18:06  Thor x2, Hellion  
  79  18:07  Hellion  
  79  18:08  SCV  
  80  18:22  Thor  
  80  18:23  Orbital Command  
  80  18:24  Hellion x2  
  90  18:39  Hellion x2  
  82  18:45  Hellion x2  
  86  18:50  Hellion  
  88  18:56  Thor  
  94  19:05  Hellion x3  
  100  19:10  Hellion  
  86  19:24  Hellion x4  
  86  19:27  Hellion x2  
  86  19:28  Hellion x3  
  96  19:31  Hellion  
  98  19:39  Hellion  
  92  19:49  Hellion x5  
  96  19:53  Hellion  
  96  20:01  Hellion  
  90  20:10  Hellion x4  
  90  20:11  Hellion  
  96  20:21  Hellion  
  79  20:22  Hellion  
  81  20:31  Hellion x2  
  81  20:32  Hellion x2  
  81  20:34  Hellion  
  91  20:42  Hellion  
  84  20:43  Hellion  
  79  20:53  Hellion x2  
  79  21:01  Hellion  
  74  21:09  Hellion  
  27  21:29  Hellion  
Show
View Real Time Build Order
Export as new Build Order

BlackHound Zerg - Winner!

Build Orders: Hatch First, Muta Ling Bane, Swarm Host 

Get SALT Encoding   

  12  0:02  Drone  
  13  0:12  Overlord  
  13  0:17  Drone  
  14  0:31  Drone x2  
  14  0:35  Drone  
  17  0:55  Hatchery  
  16  0:58  Drone  
  16  1:00  Drone  
  18  1:11  Extractor  
  18  1:14  Spawning Pool  
  18  1:17  Drone  
  17  1:30  Drone x2  
  19  1:39  Overlord  
  20  2:01  Drone  
  20  2:04  Queen  
  20  2:05  Zergling x2  
  20  2:07  Queen  
  20  2:08  Zergling x2  
  26  2:11  Drone  
  26  2:13  Metabolic Boost  
  27  2:18  Drone  
  28  2:23  Drone  
  29  2:32  Drone  
  29  2:35  Overlord  
  30  2:49  Overlord  
  30  2:51  Hatchery  
  29  2:54  Drone  
  29  2:55  Drone x2  
  32  3:03  Drone  
  33  3:06  Drone  
  33  3:11  Drone  
  35  3:16  Queen  
  35  3:17  Queen  
  39  3:20  Overlord  
  39  3:25  Drone x2  
  41  3:32  Drone x3  
  44  3:49  Zergling x12  
  44  3:50  Zergling x4  
  44  3:51  Overlord  
  51  4:00  Baneling Nest  
  50  4:03  Queen  
  50  4:04  Drone x2  
  50  4:05  Drone x2  
  56  4:15  Drone x3  
  56  4:16  Overlord, Drone  
  60  4:20  Lair  
  60  4:26  Drone x4  
  55  4:41  Zergling x12  
  61  4:45  Drone  
  61  4:47  Overlord  
  61  4:50  Extractor  
  61  4:51  Extractor x2, Drone x2  
  61  4:52  Drone  
  62  4:53  Overlord, Drone x3  
  65  5:03  Baneling x3  
  65  5:07  Overlord  
  65  5:08  Overlord  
  65  5:14  Drone x2  
  65  5:15  Drone  
  65  5:17  Zergling x8  
  72  5:29  Drone x3  
  72  5:30  Drone  
  72  5:31  Drone x2  
  72  5:34  Zergling x6  
  81  5:42  Spire  
  80  5:46  Zergling x10  
  85  5:51  Overseer  
  82  5:58  Hatchery  
  82  6:02  Zergling x20  
  86  6:11  Centrifical Hooks  
  86  6:16  Evolution Chamber x2  
  86  6:17  Zergling x12  
  90  6:18  Overlord  
  90  6:20  Baneling x4  
  90  6:21  Baneling x5  
  90  6:30  Zergling x6  
  93  6:34  Overlord  
  93  6:36  Overlord  
  93  6:40  Extractor  
  93  6:41  Extractor  
  91  6:53  Zergling x2  
  91  6:54  Zergling x20  
  98  6:57  Zerg Flyer Weapons Level 1, Overlord  
  98  6:59  Zerg Ground Armor Level 1, Zerg Melee Weapons Level 1  
  102  7:04  Zergling x2  
  102  7:05  Zergling x2  
  104  7:13  Overseer  
  104  7:15  Zergling x14  
  110  7:16  Overlord x2  
  110  7:20  Mutalisk x2  
  115  7:24  Drone  
  115  7:28  Drone x3  
  119  7:32  Drone  
  119  7:34  Baneling x4  
  119  7:35  Baneling x3  
  120  7:43  Drone  
  120  7:44  Drone x8  
  124  7:45  Drone  
  124  7:46  Mutalisk  
  132  7:52  Drone x4  
  136  7:58  Overlord  
  136  8:02  Hatchery  
  136  8:03  Infestation Pit, Mutalisk  
  136  8:05  Mutalisk  
  138  8:13  Zergling x2  
  138  8:14  Zergling x12  
  138  8:15  Overlord  
  138  8:18  Overlord  
  145  8:36  Mutalisk x5  
  155  8:46  Pathogen Glands  
  155  8:48  Zergling x26  
  168  9:03  Overlord  
  168  9:04  Overlord  
  168  9:05  Zergling x10  
  168  9:06  Zergling x12  
  179  9:12  Zerg Ground Armor Level 2, Hive  
  179  9:20  Zerg Melee Weapons Level 2  
  179  9:26  Baneling  
  179  9:27  Baneling x4  
  179  9:45  Swarm Host  
  143  9:46  Swarm Host x3  
  143  9:48  Zergling x2  
  143  9:49  Zergling x34  
  159  10:02  Swarm Host x3  
  154  10:17  Baneling x2  
  147  10:23  Swarm Host x3  
  148  10:37  Swarm Host x3  
  148  10:41  Zergling x2  
  148  10:42  Zergling x22  
  169  11:03  Baneling  
  169  11:04  Baneling x18  
  169  11:08  Zergling x20  
  178  11:20  Zergling x2  
  179  11:43  Viper x3  
  132  12:07  Zergling x16  
  132  12:08  Zergling x18  
  134  12:16  Ultralisk Cavern  
  133  12:28  Hatchery  
  132  12:34  Zergling x2  
  132  12:35  Zergling x22  
  135  12:39  Queen  
  135  12:40  Zergling x6  
  135  12:41  Queen x3  
  135  12:43  Zerg Melee Weapons Level 3, Zerg Ground Armor Level 3  
  138  12:48  Greater Spire, Zergling x2  
  138  12:49  Zergling x20  
  147  12:59  Hatchery  
  147  13:00  Zergling x4  
  147  13:01  Zergling x2  
  144  13:08  Hatchery  
  136  13:13  Zergling x20  
  145  13:25  Baneling  
  145  13:26  Baneling x7  
  145  13:27  Baneling  
  145  13:28  Ultralisk x2  
  132  13:53  Baneling x2  
  129  14:02  Ultralisk x3  
  147  14:08  Drone x11  
  147  14:09  Drone x2  
  159  14:15  Queen  
  161  14:22  Extractor  
  159  14:27  Extractor  
  158  14:35  Zergling x2  
  158  14:36  Zergling x40  
  179  14:44  Spine Crawler  
  178  14:46  Spine Crawler x2, Queen, Drone  
  178  14:47  Spine Crawler, Drone x4  
  178  14:49  Chitinous Plating  
  182  14:53  Corruptor x4  
  182  14:55  Overseer  
  182  14:59  Baneling  
  190  15:00  Baneling x10  
  190  15:12  Baneling x2  
  190  15:14  Zergling x4  
  190  15:15  Zergling x16  
  190  15:17  Extractor  
  190  15:18  Extractor  
  190  15:19  Drone x2  
  199  15:40  Spine Crawler  
  199  15:41  Spine Crawler  
  194  15:47  Brood Lord x2  
  194  15:48  Brood Lord x2  
  193  15:54  Ultralisk  
  199  16:19  Spine Crawler  
  199  16:21  Spine Crawler  
  199  16:22  Spine Crawler  
  199  16:25  Spine Crawler  
  158  16:42  Zergling x30  
  158  16:43  Zergling x30  
  176  17:00  Swarm Host x3  
  176  17:01  Swarm Host x2  
  179  17:04  Ultralisk x2  
  179  17:06  Baneling  
  179  17:07  Baneling x3  
  179  17:08  Baneling x2  
  197  17:09  Baneling  
  197  17:10  Baneling  
  197  17:16  Drone x3  
  196  17:31  Adrenal Glands  
  196  17:33  Zerg Flyer Weapons Level 2  
  191  17:53  Zergling x6  
  191  17:54  Zergling x2  
  191  17:56  Overlord x3  
  195  18:02  Hatchery  
  192  18:23  Corruptor x3  
  194  18:43  Drone x4  
  194  18:44  Drone  
  199  18:49  Drone  
  198  19:00  Spore Crawler x2  
  198  19:01  Spine Crawler  
  193  19:03  Corruptor  
  193  19:04  Corruptor x3, Spine Crawler  
  199  19:42  Neural Parasite  
  183  19:46  Corruptor x3  
  183  19:47  Corruptor x3  
  183  19:50  Drone  
  183  19:51  Drone x4  
  191  20:07  Extractor x2  
  191  20:12  Spine Crawler x2  
  191  20:13  Spine Crawler  
  177  20:14  Spine Crawler, Spore Crawler, Drone x2  
  177  20:15  Drone x4  
  180  20:22  Hatchery  
  180  20:24  Unknown x2  
  180  20:25  Zergling x4  
  180  20:26  Zergling x36  
  188  20:43  Brood Lord x3  
  175  21:16  Swarm Host, Zergling x2  
  175  21:17  Zergling x28  
  186  21:42  Queen  
  186  21:44  Ultralisk  
  194  22:10  Corruptor x3  
  200  22:36  Hatchery  
  199  22:37  Drone  
  193  23:22  Ultralisk  
  199  23:58  Drone  
  200  24:06  Overseer  
  200  24:15  Baneling x12  
  200  24:16  Baneling x30  
  200  24:17  Baneling x3  
  200  24:19  Baneling x3  
Tags
 
Add a new tag
Caveats
  • Supply blocks, unpowered buildings, or Contaminate may cause inaccurate times.
  • Supply counts are checked every 10 seconds.